 Dungeon Crawl Stone Soup version 0.29-a0-1047-g7c58e119a4 (webtiles) character file.

Game seed: 18444311935037135089

25886 polve the Fighter (level 13, -4/129 HPs)
             Began as a Gargoyle Berserker on Aug 16, 2022.
             Was an Elder of Trog.
             Slain by a hog (6 damage)
             ... led by Kirke
             ... on level 5 of the Lair of Beasts.
             The game lasted 00:15:59 (12958 turns).

polve the Fighter (Gargoyle Berserker)             Turns: 12958, Time: 00:15:59

Health: -4/129     AC:  0    Str: 26    XL:     13   Next: 22%
Magic:  13/13      EV: 14    Int:  8    God:    Trog [****..]
Gold:   661        SH:  0    Dex:  9    Spells: 12/12 levels left

rFire   . . .      SeeInvis .   (weapon currently unavailable)
rCold   . . .      Faith    .   (shield currently unavailable)
rNeg    + . .      Spirit   .   (body armour currently unavailable)
rPois   ∞          Reflect  .   (helmet currently unavailable)
rElec   .          Harm     .   (cloak currently unavailable)
rCorr   .          Rampage  .   (gloves currently unavailable)
Will    .....                   (boots currently unavailable)
Stlth   ..........              g - amulet of regeneration
HPRegen 1.11/turn               (ring currently unavailable)
MPRegen 0.13/turn               (ring currently unavailable)

@: berserking, pig-form, studying Invocations, very quick
A: fast, no casting, sickness immunity, AC +9, small, negative energy resistance
1, (electricity resistance), torment resistance 1, petrification resistance
a: Renounce Religion, Berserk, Trog's Hand, Brothers in Arms


You were on level 5 of the Lair of Beasts.
You worshipped Trog.
Trog was greatly pleased with you.
You were a filthy swine.
You visited 2 branches of the dungeon, and saw 14 of its levels.

You collected 661 gold pieces.

Inventory:

Hand Weapons
 i - a -1 demon whip of venom (melded)
Armour
 a - a +0 crystal plate armour (melded)
 c - the +3 warlock's mirror (melded) {reflect}
   (You acquired it on level 1 of the Lair of Beasts)

   It can block and reflect piercing ranged attacks and magical attacks against
   the wielder's willpower.
Jewellery
 g - an amulet of regeneration (around neck)
 m - a +4 ring of protection (melded)
 v - a ring of willpower (melded)
Wands
 u - a wand of roots (6)
 w - a wand of flame (37)
 x - a wand of mindburst (8)
 y - a wand of digging (7)
 A - a wand of acid (15)
Scrolls
 d - 3 scrolls of magic mapping
 e - 3 scrolls of poison
 k - 8 scrolls of teleportation
 n - 3 scrolls of blinking
 r - 2 scrolls of butterflies
Potions
 b - a potion of attraction
 f - 3 potions of mutation
 h - 3 potions of heal wounds
 j - 2 potions of berserk rage
 l - a potion of brilliance {unknown}
 o - a potion of magic {unknown}
 p - 2 potions of flight {unknown}
 q - 5 potions of haste
 s - 8 potions of curing {unknown}
 t - a potion of degeneration {unknown}
 z - 2 potions of lignification {unknown}
 B - a potion of invisibility {unknown}
 C - a potion of cancellation {unknown}
 D - a potion of might {unknown}


   Skills:
 + Level 12.3 Fighting
 - Level 12.1 Maces & Flails
 + Level 12.0 Armour
 - Level 1.5 Dodging
 * Level 12.0 Shields


You had 12 spell levels left.
You didn't know any spells.
Your spell library was empty.

Dungeon Overview and Level Annotations

Branches:
Dungeon (9/15)             Temple (0/1) D:4            Lair (5/5) D:8
  Swamp (0/4) Lair:3       Spider (0/4) Lair:2        Slime (0/5) Lair:4
    Orc: D:9-12

Altars:
Nemelex Xobeh
Jiyva

Annotations:
D:8 2 transporters, Tenar's ghost, novice DsEE
Lair:4 1 runed translucent door
Lair:5 Kirke


Innate Abilities, Weirdness & Mutations

You are a filthy swine.
You move quickly.
Your equipment is almost entirely melded.
You are incapable of wielding weapons or throwing items.
You cannot cast spells.
You are immune to sickness and miasma.
((Your stone body is resilient. (AC +9)))
You are immune to poison.
You resist negative energy. (rN+)
((You are resistant to electric shocks. (rElec)))
You are resistant to unholy torment.
You are immune to petrification.


Message History

The cane toad stings you!
You whack Kirke!
Kirke is lightly wounded.
The hog bites you but does no damage.
You whack Kirke!
Kirke is poisoned.
Kirke is moderately wounded.
You block the cane toad's attack.
You thrash Kirke!!
Kirke is heavily wounded.
Kirke casts a spell at you.
You turn into a filthy swine.
Your -1 demon whip of venom melds into your body.
The +3 warlock's mirror {reflect} melds into your body.
Your +0 crystal plate armour melds into your body.
Your ring of willpower melds into your body.
Your +4 ring of protection melds into your body.
Your -1 demon whip of venom stops dripping with poison.
The manticore barely misses you. The manticore claws you!
The manticore claws you.
You bite Kirke!
Kirke is heavily wounded.
The hog closely misses you.
You barely miss Kirke.
Kirke is heavily wounded.
The cane toad stings you!
You feel troubled. Kirke hits you! The hog bites you! The manticore bites you!!
* * * LOW HITPOINT WARNING * * *
The manticore claws you!
* * * LOW HITPOINT WARNING * * *
The manticore claws you.
* * * LOW HITPOINT WARNING * * *
You barely miss Kirke.
Kirke is severely wounded.
The cane toad stings you!
* * * LOW HITPOINT WARNING * * *
You barely miss Kirke.
Kirke is severely wounded.
The hog bites you.
You die...

..P ....#.## ...
.......## #..
......#.#.
##..##......$..
#.#..#...P....#
#....P$........
#..............
#....PH......
##...h@......
#...#Fh.<....
#..##k.......
#<.##........
#..##.........
#...P .........
...............#
#..#............#
#....#.....


You could see Kirke (very poisoned), a manticore (summoned), a lindwurm
(summoned), a cane toad and a hog.

Vanquished Creatures
  2 hydras (Lair:4)
  Nergalle (Lair:1)
  Amaemon (Lair:1)
  A lindwurm (Lair:4)
  Pikel (D:6)
  A manticore (D:9)
  Joseph (D:8)
  13 elephants
  5 black mambas
  2 torpor snails
  An orange demon (Lair:1)
  9 cane toads
  Maggie (D:7)
  7 komodo dragons
  A troll (D:7)
  Prince Ribbit (D:7)
  13 blink frogs
  3 dream sheep (Lair:1)
  Sigmund (D:6)
  2 jumping spiders (Lair:2)
  5 yaks
  Eustachio (D:6)
  2 basilisks
  A wyvern (Lair:1)
  2 hogs (Lair:5)
  10 water moccasins
  2 orc warriors (D:8)
  4 ogres
  2 sky beasts (D:8)
  6 black bears
  2 centaurs
  A lemure (D:6)
  A kobold brigand (D:7)
  3 necrophages
  2 gnoll sergeants
  3 scorpions
  11 bullfrogs
  4 killer bees (D:7)
  A howler monkey (D:4)
  An electric eel (Lair:3)
  2 jellies
  4 orc priests
  2 hounds
  2 iguanas
  2 orc wizards
  7 hell rats (Lair:3)
  6 gnolls
  8 adders
  A shadow imp (D:8)
  A white imp (D:6)
  2 ufetubi
  3 worms
  3 dart slugs
  15 orcs
  4 bats (D:1)
  5 endoplasms
  6 giant cockroaches
  4 goblins
  9 hobgoblins
  6 jackals
  3 ball pythons
  5 frilled lizards
  7 kobolds
  2 rats
240 creatures vanquished.

Vanquished Creatures (collateral kills)
  3 yaks (Lair:1)
  A water moccasin (Lair:1)
4 creatures vanquished.

Vanquished Creatures (others)
  A steam dragon (D:8)
  10 fungi
  14 plants
25 creatures vanquished.

Grand Total: 269 creatures vanquished

Notes
Turn   | Place    | Note
-------+----------+-------------------------------------------
     0 | D:1      | polve the Gargoyle Berserker began the quest for the Orb.
     0 | D:1      | Reached XP level 1. HP: 14/14 MP: 1/1
   369 | D:1      | Found a faded altar of an unknown god.
   475 | D:1      | Reached XP level 2. HP: 19/19 MP: 2/2
  1245 | D:2      | Reached XP level 3. HP: 20/23 MP: 3/3
  1579 | D:2      | Reached XP level 4. HP: 28/28 MP: 4/4
  1671 | D:2      | Reached skill level 5 in Maces & Flails
  1713 | D:2      | Reached ** piety under Trog
  2904 | D:4      | Noticed a scorpion
  2908 | D:4      | Reached XP level 5. HP: 32/32 MP: 5/5
  2944 | D:4      | You fall into a shaft and drop 1 floor!
  2944 | D:5      | Entered Level 5 of the Dungeon
  2993 | D:5      | Noticed an ogre
  3000 | D:5      | Killed an ogre
  3001 | D:5      | Reached XP level 6. HP: 37/37 MP: 6/6
  3340 | D:5      | Noticed a black bear
  3348 | D:5      | Killed a black bear
  3381 | D:5      | Noticed a black bear
  3389 | D:5      | Killed a black bear
  3390 | D:5      | Reached XP level 7. HP: 36/41 MP: 7/7
  4358 | D:4      | Found a staircase to the Ecumenical Temple.
  4461 | D:6      | Noticed Eustachio
  4471 | D:6      | Killed Eustachio
  4472 | D:6      | Reached XP level 8. HP: 46/46 MP: 8/8
  4651 | D:6      | Reached skill level 10 in Maces & Flails
  4711 | D:6      | Noticed Sigmund
  4718 | D:6      | Killed Sigmund
  4774 | D:6      | Noticed Pikel
  4803 | D:6      | Killed Pikel
  4804 | D:6      | Reached XP level 9. HP: 51/51 MP: 9/9
  5563 | D:7      | Noticed Prince Ribbit
  5564 | D:7      | Noticed a troll
  5576 | D:7      | Killed a troll
  5582 | D:7      | Killed Prince Ribbit
  5691 | D:7      | Noticed Maggie
  5701 | D:7      | Killed Maggie
  5702 | D:7      | Reached skill level 5 in Fighting
  6095 | D:7      | Reached skill level 5 in Armour
  6491 | D:7      | Found a sparkling altar of Nemelex Xobeh.
  6859 | D:7      | Reached XP level 10. HP: 61/61 MP: 10/10
  7046 | D:8      | Noticed Joseph
  7061 | D:8      | Killed Joseph
  7200 | D:8      | Reached *** piety under Trog
  7283 | D:8      | Found a staircase to the Lair.
  7684 | D:8      | Noticed a boulder beetle
  7685 | D:8      | Found a transporter.
  7688 | D:8      | Found a transporter.
  7689 | D:8      | Noticed Tenar's ghost (novice DsEE)
  7769 | D:9      | Noticed a manticore
  7777 | D:9      | Killed a manticore
  7869 | Lair:1   | Entered Level 1 of the Lair of Beasts
  7929 | Lair:1   | Identified a scroll of acquirement
  7929 | Lair:1   | Acquired the +3 warlock's mirror {reflect}
  7929 | Lair:1   | Found the +3 warlock's mirror {reflect}
  8001 | Lair:1   | Noticed a cane toad
  8015 | Lair:1   | Killed a cane toad
  8016 | Lair:1   | Reached skill level 1 in Shields
  8103 | Lair:1   | Noticed Nergalle
  8126 | Lair:1   | Killed Nergalle
  8127 | Lair:1   | Reached XP level 11. HP: 71/71 MP: 11/11
  8233 | Lair:1   | Identified the +1 mace of Conscience {vorpal, rC+ Int+3}
  8364 | Lair:1   | Noticed Amaemon
  8438 | Lair:1   | Killed Amaemon
  8622 | Lair:1   | Reached skill level 5 in Shields
  8791 | Lair:1   | Reached skill level 10 in Fighting
  9316 | Lair:2   | Reached skill level 10 in Armour
  9552 | Lair:2   | Reached XP level 12. HP: 70/79 MP: 12/12
  9603 | Lair:2   | Found a hole to the Spider Nest.
 10034 | Lair:2   | Reached **** piety under Trog
 10697 | Lair:3   | Found a staircase to the Swamp.
 11748 | Lair:4   | Reached skill level 10 in Shields
 12000 | Lair:4   | Noticed an eight-headed hydra
 12025 | Lair:4   | Killed an eight-headed hydra
 12267 | Lair:4   | Reached XP level 13. HP: 24/85 MP: 13/13
 12815 | Lair:4   | Found a runed translucent door.
 12819 | Lair:4   | Found a viscous altar of Jiyva.
 12843 | Lair:4   | Found a staircase to the Slime Pits.
 12929 | Lair:5   | Entered Level 5 of the Lair of Beasts
 12933 | Lair:5   | Noticed Kirke
 12957 | Lair:5   | HP: 2/129 [cane toad (8)]
 12958 | Lair:5   | Slain by a hog

Illustrated notes

Levels and vault maps discovered:
D:1:      minmay_arrival_checkered_box, layout_basic,
          dreamdust_ecumenical_altar_hidden_monk_grotto
D:2:      layout_basic
D:3:      layout_basic
D:4:      layout_cave_pools, temple_green, minmay_fractal_squares_gapless_5
D:5:      layout_loops_cross
D:6:      layout_gridville, minmay_manual_mess, uniq_pikel, uniq_sigmund,
          uniq_eustachio
D:7:      layout_basic, nemelex_altar_shiori, uniq_maggie, uniq_prince_ribbit1
D:8:      layout_basic, grunt_lair_entry_orc_guard_hut, gammafunk_ghost_arena,
          uniq_joseph
D:9:      layout_roguey, serial_shops, nicolae_shop_behind_doors,
          nicolae_hexahallways, hex_tiny, uniq_harold
Lair:1:   layout_regular_city, serial_bayou_shore_b, serial_bayou_shore_b,
          uniq_nergalle, uniq_amaemon
Lair:2:   layout_roguey, spider_nest_entry_a, serial_bayou_pond_b
Lair:3:   layout_layer_cave, swamp_mist_pool
Lair:4:   layout_small_grid, slime_entry_2, serial_bayou_pond_a,
          patterned_corridor
Lair:5:   cheibrodos_lair_end_hotspot, layout_misc_corridors, uniq_kirke,
          uniq_snorg

Skill      XL: |  1  2  3  4  5  6  7  8  9 10 11 12 13 |
---------------+----------------------------------------+-----
Maces & Flails | 4 5 7 8 9 11 12 | 12.1
Fighting       | 6 9 10 11 12 | 12.3
Armour         | 5 8 10 11 12 | 12.0
Shields        | 3 8 11 12 | 12.0
Dodging        | |  1.5

Action                   |  1- 3 |  4- 6 |  7- 9 | 10-12 | 13-15 || total
-------------------------+-------+-------+-------+-------+-------++-------
Melee: Mace              |   114 |   111 |   143 |       |       ||   368
       Whip              |       |       |   158 |   263 |       ||   421
       Punch             |       |       |       |     2 |       ||     2
       Demon whip        |       |       |       |   526 |   101 ||   627
       Unarmed           |       |       |       |       |     4 ||     4
Invok: Berserk           |       |     3 |     9 |     8 |     2 ||    22
  Use: Scroll            |       |       |       |    19 |       ||    19
       Potion            |       |       |       |     1 |       ||     1
 Stab: Petrified         |       |       |       |     4 |       ||     4
Armor: Ring mail         |    27 |       |       |       |       ||    27
       Animal skin       |     2 |       |       |       |       ||     2
       Scale mail        |    16 |    57 |     8 |       |       ||    81
       Chain mail        |       |       |   169 |   135 |       ||   304
       Crystal plate arm |       |       |       |   242 |    51 ||   293
Dodge: Dodged            |    76 |    81 |   117 |   148 |    21 ||   443
Block: Buckler           |       |       |       |   175 |    39 ||   214
       Reflection        |       |       |       |     3 |       ||     3

Table legend: (Time is in decaauts)
 A = Elapsed time spent in this place.
 B = Non-inter-level travel time spent in this place.
 C = Inter-level travel time spent in this place.
 D = Time resting spent in this place.
 E = Time spent auto-exploring this place.
 F = Levels seen in this place.
 G = Mean time per level.
                   A        B        C        D        E       F      G
               +--------+--------+--------+--------+--------+-----+--------+
         Total |  12687 |  12299 |    388 |    112 |  10177 |  14 |  906.2 |
       Dungeon |   7869 |   7628 |    241 |     53 |   6396 |   9 |  874.3 |
          Lair |   4817 |   4671 |    146 |     58 |   3781 |   5 |  963.4 |
               +--------+--------+--------+--------+--------+-----+--------+

Top non-repeatable levels by time:
  Lair:3: 1522 daAuts
     D:7: 1454 daAuts
  Lair:1: 1336 daAuts
     D:1: 1250 daAuts
     D:6: 1136 daAuts
  Lair:4: 1120 daAuts
     D:3: 1003 daAuts
  Lair:2: 821 daAuts
     D:5: 819 daAuts
     D:4: 746 daAuts
     D:8: 720 daAuts
     D:2: 681 daAuts
     D:9: 56 daAuts
  Lair:5: 17 daAuts
